 Dungeon Crawl Stone Soup version 0.27-a0-1591-gc56fcc985a (webtiles) character file.

Game seed: 8888332379561499654

884 bande the Shield-Bearer (level 8, -5/48 HPs)
             Began as a Gargoyle Fighter on July 19, 2021.
             Slain by Menkaure (6 damage)
             ... on level 5 of the Dungeon.
             The game lasted 00:10:05 (4599 turns).

bande the Shield-Bearer (Gargoyle Fighter)          Turns: 4599, Time: 00:10:05

Health: -5/48      AC: 20    Str: 21    XL:     8   Next: 5%
Magic:  7/7        EV:  4    Int:  9    God:
Gold:   158        SH: 11    Dex: 10    Spells: 7/7 levels left

rFire    + . .     SeeInvis .   a - +0 war axe
rCold    . . .     Faith    .   c - +1 kite shield
rNeg     + . .     Spirit   .   e - +0 plate armour
rPois    ∞         Reflect  .   (no helmet)
rElec    +         Harm     .   j - +0 cloak
rCorr    .         Rampage  .   (no gloves)
Will     +....                  o - +0 pair of boots
Stlth    ..........             (no amulet)
HPRegen  0.16/turn              g - ring of willpower
MPRegen  0.10/turn              (no ring)

@: no status effects
A: sickness immunity, AC +5, negative energy resistance 1, electricity
resistance, torment resistance 1, petrification resistance, camouflage 1, fire
resistance 1, low mp 1, MP-powered wands
a: no special abilities


You were on level 5 of the Dungeon.
You visited 1 branch of the dungeon, and saw 5 of its levels.
You also visited: Ossuary.

You collected 158 gold pieces.

Inventory:

Hand Weapons
 a - a +0 war axe (weapon)
Armour
 c - a +1 kite shield (worn)
 e - a +0 plate armour (worn)
 j - a +0 cloak (worn)
 o - a +0 pair of boots (worn)
Jewellery
 g - a ring of willpower (left hand)
 n - an amulet of faith
Scrolls
 d - 5 scrolls of identify
 f - a scroll of amnesia
 h - 3 scrolls of teleportation
 m - 2 scrolls of blinking
Potions
 i - 5 potions of flight
 k - a potion of lignification


   Skills:
 + Level 4.6 Fighting
 + Level 5.6 Axes
 + Level 5.1 Armour
 + Level 0.5 Dodging
 + Level 5.9 Shields


You had 7 spell levels left.
You didn't know any spells.
Your spell library contained the following spells:

 Spells                   Type           Power      Damage    Failure   Level
 Corona                   Hex            0%         N/A       100%        1
 Pain                     Necr           0%         1d4       100%        1
 Ensorcelled Hibernation  Hex/Ice        0%         N/A       100%        2
 Tukima's Dance           Hex            0%         N/A       100%        3
 Agony                    Necr           0%         N/A       100%        5
 Excruciating Wounds      Necr           0%         N/A       100%        5


Dungeon Overview and Level Annotations

Branches:
Dungeon (5/15)            Ossuary (visited)
 Temple: D:4-7

Altars:
Cheibriados

Annotations:
D:5 Menkaure


Innate Abilities, Weirdness & Mutations

You are immune to sickness and miasma.
Your stone body is resilient. (AC +5)
You are immune to poison.
You resist negative energy. (rN+)
You are resistant to electric shocks. (rElec)
You are resistant to unholy torment.
You are immune to petrification.
Your skin changes colour to match your surroundings (Stealth+).
Your flesh is heat resistant. (rF+)
Your magical capacity is low. (-10% MP)
You expend magic power (3 MP) to strengthen your wands.


Message History

You block Menkaure's attack.
You slash the howler monkey zombie!
You destroy the howler monkey zombie!
You barely miss Menkaure.
Menkaure grins.
You block Menkaure's attack. Menkaure hits you!
You are too injured to fight recklessly!
You are too injured to fight recklessly!
You are too injured to fight recklessly!
You are too injured to fight recklessly!
You are too injured to fight recklessly!
Unknown command.
You feel better. Menkaure barely misses you.
Your plate armour prevents you from hitting Menkaure.
Menkaure hits you!
You slash Menkaure!
Menkaure is moderately damaged.
You block Menkaure's attack.
Menkaure calls on the powers of darkness!
Your body is wracked with pain!
You hit Menkaure but do no damage.
Menkaure is moderately damaged.
Menkaure hits you!
* * * LOW HITPOINT WARNING * * *
You block Menkaure's attack.
You feel better.
Menkaure points at you and mumbles some strange words.
Pain shoots through your body!
* * * LOW HITPOINT WARNING * * *
You hit Menkaure.
Menkaure is moderately damaged.
You block Menkaure's attack. Menkaure closely misses you.
You barely miss Menkaure.
Menkaure is moderately damaged.
Menkaure hits you!
* * * LOW HITPOINT WARNING * * *
You slash Menkaure!
Menkaure is almost destroyed.
Menkaure hits you.
You die...

....##..........#....
###+ #.†........'....
..........#####....
...##..#####........ .
.. ####.......÷....
..####+##..#............
..$.....#..#............
........+..#............
......M@##'#............
...............####+####
####+###.......# #
#.......# # #.......# #
#.......# # #.......# #
.........# # .........#
#


You could see Menkaure (fast).

Vanquished Creatures
  3 sky beasts
  A necrophage (D:4)
  A centaur (D:4)
  An elf zombie (Ossuary)
  A centaur zombie (Ossuary)
  A hound (D:5)
  2 human zombies (Ossuary)
  A jelly (D:4)
  An iguana (D:5)
  2 mummies (Ossuary)
  A howler monkey zombie (D:5)
  3 adders
  A white imp (D:3)
  An ufetubus (D:4)
  An adder zombie (Ossuary)
  An adder skeleton (D:4)
  3 dart slugs
  6 orcs
  5 ball pythons
  7 bats
  5 endoplasms
  5 giant cockroaches
  8 goblins
  6 hobgoblins
  5 jackals
  5 quokkas
  2 frilled lizards
  2 goblin zombies (Ossuary)
  6 hobgoblin zombies (Ossuary)
  3 jackal zombies (Ossuary)
  10 kobolds
  10 kobold zombies (Ossuary)
  10 orc zombies (Ossuary)
  3 rats
123 creatures vanquished.

Notes
Turn   | Place    | Note
-------+----------+-------------------------------------------
     0 | D:1      | bande the Gargoyle Fighter began the quest for the Orb.
     0 | D:1      | Reached XP level 1. HP: 14/14 MP: 1/1
    79 | D:1      | Reached XP level 2. HP: 12/19 MP: 2/2
   468 | D:1      | Found a faded altar of an unknown god.
   649 | D:1      | Reached XP level 3. HP: 23/23 MP: 3/3
   684 | D:1      | You fall into a shaft and drop 1 floor!
  1157 | D:2      | Reached XP level 4. HP: 21/29 MP: 4/4
  1785 | D:3      | Noticed a sky beast
  1820 | D:3      | Killed a sky beast
  1821 | D:3      | Reached XP level 5. HP: 18/33 MP: 5/5
  2466 | D:4      | Noticed a necrophage
  2486 | D:4      | Killed a necrophage
  2487 | D:4      | Reached XP level 6. HP: 21/38 MP: 6/6
  2557 | D:4      | HP: 1/38 [acid (5)]
  2767 | D:4      | Found a sand-covered staircase.
  2777 | Ossuary  | Entered an ossuary
  3316 | Ossuary  | Gained mutation: Your magical capacity is low. (-10% MP)
                  | [potion of mutation]
  3316 | Ossuary  | Gained mutation: Your flesh is heat resistant. (rF+)
                  | [potion of mutation]
  3316 | Ossuary  | Gained mutation: Your skin changes colour to match your
                  | surroundings (Stealth+). [potion of mutation]
  3316 | Ossuary  | Gained mutation: You expend magic power (3 MP) to
                  | strengthen your wands. [potion of mutation]
  3346 | Ossuary  | Reached XP level 7. HP: 8/43 MP: 6/6
  3350 | Ossuary  | Reached skill level 5 in Axes
  3350 | Ossuary  | Reached skill level 5 in Shields
  3851 | D:4      | Reached skill level 5 in Armour
  4247 | D:5      | Entered Level 5 of the Dungeon
  4351 | D:5      | Reached XP level 8. HP: 47/48 MP: 7/7
  4428 | D:5      | Found a snail-covered altar of Cheibriados.
  4585 | D:5      | Noticed Menkaure
  4598 | D:5      | HP: 1/48 [Menkaure (9)]
  4599 | D:5      | Slain by Menkaure

Illustrated notes

Levels and vault maps discovered:
D:1:      psy_arrival_conway, layout_rooms,
          hellmonk_ecumenical_altar_heavens_door
D:2:      layout_basic
D:3:      layout_basic
D:4:      layout_cave_pools, nicolae_ossuary_entry_monument, minmay_small_thing
D:5:      layout_gridville, kennysheep_slug_shrine, serial_shops, shop,
          serial_bayou_pond_b, minmay_lizard_king, uniq_menkaure, uniq_ijyb

Skill      XL: |  1  2  3  4  5  6  7 |
---------------+----------------------+-----
Axes           | 2 3 4 5 |  5.6
Fighting       | 4 |  4.6
Armour         | 4 5 |  5.1
Shields        | 4 5 |  5.9
Dodging        | |  0.5

Action                   |  1- 3 |  4- 6 |  7- 9 || total
-------------------------+-------+-------+-------++-------
Melee: War axe           |   118 |   231 |   124 ||   473
  Use: Scroll            |     2 |     4 |       ||     6
       Potion            |     1 |     4 |     4 ||     9
Armor: Plate armour      |   103 |   218 |   105 ||   426
Dodge: Dodged            |    17 |    45 |    22 ||    84
Block: Kite shield       |    80 |   160 |    92 ||   332

Table legend: (Time is in decaauts)
 A = Elapsed time spent in this place.
 B = Non-inter-level travel time spent in this place.
 C = Inter-level travel time spent in this place.
 D = Time resting spent in this place.
 E = Time spent auto-exploring this place.
 F = Levels seen in this place.
 G = Mean time per level.
                   A        B        C        D        E       F      G
               +--------+--------+--------+--------+--------+-----+--------+
         Total |   4864 |   4864 |      0 |   1178 |   1956 |   6 |  810.7 |
       Dungeon |   3836 |   3836 |      0 |    639 |   1912 |   5 |  767.2 |
       Ossuary |   1028 |   1028 |      0 |    539 |     44 |   1 | 1028.0 |
               +--------+--------+--------+--------+--------+-----+--------+

Top non-repeatable levels by time:
 Ossuary: 1028 daAuts
     D:1: 932 daAuts
     D:3: 884 daAuts
     D:4: 838 daAuts
     D:2: 799 daAuts
     D:5: 382 daAuts
